 Dungeon Crawl Stone Soup version 0.17-a0-1504-gb7d9117 (webtiles) character file.

375725 Chiseanne the Eclecticist (level 21, -5/153 HPs)
             Began as a Demonspawn Warper on July 9, 2015.
             Was an Initiate of Gozag.
             Slain by a golden dragon (7 damage)
             ... on level 5 of the Vaults.
             The game lasted 03:22:40 (58517 turns).

Chiseanne the Eclecticist (Demonspawn Warper)      Turns: 58517, Time: 03:22:40

Health: -5/153     AC: 28    Str: 20    XL:     21   Next: 79%
Magic:  0/38       EV: 29    Int: 12    God:    Gozag
Gold:   831        SH:  0    Dex: 23    Spells: 8 memorised, 30 levels left

rFire  + + +     SeeInvis +     a - +7 great mace "Firestarter" {inner flame, rF++}
rCold  + + +     Clarity  +     L - +2 scale mail of Ottiw {rElec Int-2 Stlth+}
rNeg   . . .     SustAt   .     (no shield)
rPois  +         Gourm    .     (helmet unavailable)
rElec  +         Spirit   +     s - +2 cloak
rCorr  +         Warding  .     t - +1 pair of gloves
rMut   .         Stasis   .     u - +0 pair of boots of Ugreunot {rPois}
MR     +....                    W - amulet of guardian spirit
Stlth  +++.......               G - +6 ring of protection
                                z - ring "Ununaim" {rF- rC++ Slay+5 SInv}

@: mighty, agile, resistant, flying, very slightly contaminated, hasted,
studying 2 skills, very quick, somewhat resistant to hostile enchantments,
fairly stealthy
A: horns 3, rugged brown scales 2, agile 1, clarity, deterioration 1, dopey 1,
fire resistance 1, ignite blood, low mp 1, powered by pain 2, weak 1,
augmentation 2, flame cloud immunity
a: Potion Petition, Call Merchant, Bribe Branch, Renounce Religion
}: 2/15 runes: decaying, serpentine


You were on level 5 of the Vaults.
You worshipped Gozag.
Gozag was noncommittal.
You were not hungry.

You visited 8 branches of the dungeon, and saw 44 of its levels.
You visited 1 bazaar.
You also visited: Bailey and Ice Cave.

You collected 18101 gold pieces.
You spent 8152 gold pieces at shops.
You paid 9118 gold pieces to Gozag.

Inventory:

Hand weapons
 a - the +7 great mace "Firestarter" (weapon) {inner flame, rF++}
   (You found it in a bailey)

   It has been specially enchanted to burn those struck by it, causing extra
   injury to most foes and up to half again as much damage against particularly
   susceptible opponents.
   It greatly protects you from fire.
 b - a +1 arbalest of flaming
 e - the +6 hunting sling of Circularity {flame, MP+9 Str+2 Dex+4}
   (You found it on level 6 of the Dungeon)

   It causes projectiles fired from it to burn those they strike, causing extra
   injury to most foes and up to half again as much damage against particularly
   susceptible opponents.
   It affects your strength (+2).
   It affects your dexterity (+4).
   It affects your magic capacity (+9).
Missiles
 d - 91 sling bullets
 q - 39 sling bullets of frost
 K - 48 steel sling bullets
 Z - 15 silver sling bullets
Armour
 s - a +2 cloak (worn)
 t - a +1 pair of gloves (worn)
 u - the +0 pair of boots of Ugreunot (worn) {rPois}
   (You bought it in a shop on level 13 of the Dungeon)

   It protects you from poison.
 L - the +2 scale mail of Ottiw (worn) {rElec Int-2 Stlth+}
   (You bought it in a shop on level 13 of the Dungeon)

   It affects your intelligence (-2).
   It insulates you from electricity.
   It makes you more stealthy.
Jewellery
 z - the ring "Ununaim" (left hand) {rF- rC++ Slay+5 SInv}
   (You bought it in a shop in a bazaar)

   [ring of see invisible]

   It affects your accuracy and damage with ranged weapons and melee attacks
   (+5).
   It makes you vulnerable to fire.
   It greatly protects you from cold.
   It lets you see invisible.
 G - a +6 ring of protection (right hand)
 W - an amulet of guardian spirit (around neck)
Magical devices
 c - a wand of invisibility (2)
 k - a wand of digging (9)
 v - a wand of draining (0)
 E - a wand of teleportation (4)
 S - a wand of disintegration (11)
Scrolls
 f - 2 scrolls of magic mapping
 h - a scroll of immolation
 l - 6 scrolls of blinking
 m - a scroll of enchant weapon
 r - a scroll of fear
 A - 9 scrolls of identify
 C - 19 scrolls of remove curse
 D - 12 scrolls of teleportation
 P - 5 scrolls of recharging
 Q - 2 scrolls of silence
 Y - a scroll of fog
Potions
 i - 3 potions of haste
 o - 20 potions of curing
 p - 10 potions of flight
 x - 4 potions of might
 B - 3 potions of berserk rage
 N - a potion of invisibility
 R - 7 potions of cancellation
Books
 n - a book of Dreams

   Spells                             Type                      Level
   a - Ensorcelled Hibernation        Hexes/Ice                    2
   b - Phase Shift                    Translocation                5
   c - Shadow Creatures               Summoning                    5
   d - Silence                        Hexes/Air                    5
   e - Mass Confusion                 Hexes                        6
   f - Darkness                       Hexes                        7
 w - a Necronomicon

   Spells                             Type                      Level
   a - Haunt                          Necromancy/Summoning         7
   b - Borgnjor's Revivification      Necromancy                   8
   c - Death's Door                   Charms/Necromancy            8
   d - Necromutation                  Transmutation/Necromancy     8
 M - a manual of
Armour
 V - a manual of Crossbows
Miscellaneous
 j - a phial of floods
 H - a fan of gales
 X - a box of beasts {used: 9}
Comestibles
 g - 16 meat rations
 F - 2 bread rations


   Skills:
 - Level 7.9 Fighting
   Level 1.7(11.4) Axes
 * Level 16.7 Maces & Flails
 + Level 11.3 Crossbows
 - Level 0.8 Throwing
 * Level 14.9 Armour
 * Level 15.0 Dodging
 * Level 17.8 Spellcasting
 * Level 14.1 Translocations
 - Level 12.4 Ice Magic


You had 30 spell levels left.
You knew the following spells:

 Your Spells              Type           Power        Failure   Level  Hunger
a - Apportation           Tloc           #####.....   1%          1    None
b - Blink                 Tloc           N/A          1%          2    None
c - Shroud of Golubria    Chrm/Tloc      ####......   1%          2    None
d - Teleport Other        Tloc           #####...     1%          3    None
e - Passage of Golubria   Tloc           N/A          1%          4    ##.....
f - Dispersal             Tloc           #####.....   6%          6    ######.
g - Summon Ice Beast      Ice/Summ       ####....     12%         4    ##.....
h - Regeneration          Chrm/Necr      ##........   38%         3    None


Dungeon Overview and Level Annotations

Branches:
Dungeon (15/15)            Temple (1/1) D:6            Lair (8/8) D:10
  Swamp (4/4) Lair:6        Snake (4/4) Lair:3        Slime (0/6) Lair:8
    Orc (4/4) D:12            Elf (3/3) Orc:4        Vaults (5/5) D:13
  Crypt (0/3) Vaults:2     Depths (0/5) D:15

Altars:
Ashenzari
Cheibriados
Dithmenos
Elyvilon
Fedhas
Gozag
Kikubaaqudgha
Makhleb
Nemelex Xobeh
Okawaru
Qazlal
Ru
Sif Muna
Trog
Vehumet
Xom
Yredelemnul
Zin
The Shining One

Shops:
D:7 =   D:10 }   D:11 :   D:13 [   D:14 !   Orc:2 %   Orc:4 %(!:   Snake:3 *

Portals:
Pandemonium: Orc:4

Annotations:
D:7 exclusion: upstairs
Swamp:1 exclusion: Roxanne, Roxanne
Elf:2 3 runed doors


Innate Abilities, Weirdness & Mutations

You have a pair of large horns on your head.
You are mostly covered in rugged brown scales (AC +2, +5% HP).
Your flesh is heat resistant.
Your demonic aura causes spilled blood to erupt in flames.
You sometimes gain power by taking damage.
Your magical and physical power is enhanced at high health.
You are immune to clouds of flame.
You are agile. (Dex +2)
You possess an exceptional clarity of mind.
Your body sometimes deteriorates upon taking damage.
You are dopey. (Int -2)
Your magical capacity is low (-10% MP).
You are weak. (Str -2)


Message History

The golden dragon breathes fire at you. The bolt of fire hits you! You resist.
* * * LOW HITPOINT WARNING * * *
You hear an angry buzzing noise.
You hear a shout!
Use which ability? (? or * to list) [a] - 390 gold - haste and flight [b] - 651 gold - haste, agility, flight, resistance and might [c] - 300 gold - invisibility and agility Purchase which effect?
You no longer have enough gold to fund merchants seeking to open stores in the dungeon.
You feel yourself speed up.
You feel agile all of a sudden.
You feel very buoyant.
You fly up into the air.
You feel protected.
You feel very mighty all of a sudden.
The golden dragon is engulfed in roaring flames.
The golden dragon bites you!!
* * * LOW HITPOINT WARNING * * *
The golden dragon barely misses you. The golden dragon tramples you!
You die...
Your body crumbles into a pile of gold.

.. ...# ...#.. ...
....# ..#..
###.###... ....#
#.....##..##...#
.......#...##..##
..}}:..##...#...#
.(.?(%..##e.##..#
.%).)).ยง@Dp..e..#
.|.=%[..##e.##..#
(.?)$..##...#...#
.......#...##..##
#.....##..##...#
###.###...#....#
..(
....##.$.e.#....#
... C...#
.....D#..$.# .. ##
####
.....$.#$..$#..$


You could see an ironheart preserver, a golden dragon (inner flame), a deep elf
death mage and 2 deep elf fighters.

Vanquished Creatures
  Boris (Vaults:3)
  2 golden dragons (Vaults:5)
  Nikola (Snake:3)
  2 tentacled monstrosities (Vaults:5)
  Asterion (Elf:3)
  A titan (Vaults:5)
  2 deep elf master archers (Elf:3)
  A deep elf blademaster (Elf:3)
  Gastronok (Orc:2)
  5 sphinxes (Vaults:5)
  Frances (Elf:1)
  3 tengu reavers
  An azure jelly (Swamp:4)
  A thorn hunter (Swamp:3)
  2 storm dragons
  11 greater nagas (Snake:4)
  Donald (Orc:4)
  13 vault wardens
  14 deep elf sorcerers (Elf:3)
  A frost giant (Vaults:4)
  A very ugly thing (Vaults:5)
  A war gargoyle (Vaults:5)
  10 ironheart preservers
  7 stone giants
  2 deep elf demonologists (Elf:3)
  A salamander stormcaller (D:15)
  Azrael (Orc:4)
  9 deep elf annihilators
  9 ogre magi
  35 vault guards
  6 deep elf death magi
  Josephine (D:13)
  8 yaktaur captains
  2 fire dragons
  4 deep elf high priests
  3 great orbs of eyes
  7 naga warriors
  4 ice dragons
  A rakshasa (Vaults:2)
  17 hydras
  2 catoblepae
  3 centaur warriors
  2 death knights (Vaults:2)
  A ghost crab (Swamp:3)
  The ghost of runewalsh the Cleaver, a powerful OpGl of Makhleb (D:11)
  15 anacondas
  2 alligators
  2 deep troll shamans
  5 dancing weapons
  18 death yaks
  The ghost of runewalsh the Cleaver, a powerful OpWr of Makhleb (D:11)
  4 deep troll earth magi (Vaults:4)
  4 orc high priests (Orc:4)
  A tengu warrior (D:15)
  The ghost of Torax the Basher, an experienced DsAK of Lugonu (Lair:1)
  Urug (Orc:1)
  12 naga sharpshooters
  9 shock serpents
  Sonja (D:10)
  21 deep elf knights
  3 salamander mystics (Snake:4)
  2 unseen horrors
  2 deep trolls (Vaults:4)
  3 giant orange brains
  A shadow wraith (Vaults:2)
  2 spriggan druids
  A fire crab (Vaults:1)
  9 deep elf summoners
  4 swamp dragons
  An unseen horror (shapeshifter) (Vaults:4)
  A flayed ghost (Vaults:3)
  A gelid demonspawn (Orc:4)
  A lindwurm (shapeshifter) (Vaults:3)
  4 ice statues
  6 naga ritualists
  A shambling mangrove (Swamp:3)
  3 hill giants
  12 ironbrand convokers
  A tengu zombie (Vaults:3)
  2 infernal demonspawn (Orc:4)
  5 necromancers
  10 harpies
  A wolf spider zombie (D:14)
  A lindwurm (Lair:8)
  30 ugly things
  8 orc knights
  20 deep elf conjurers
  10 salamanders
  A shadow dragon skeleton (Vaults:4)
  13 mana vipers
  A tengu skeleton (Vaults:3)
  2 fire giant zombies (Vaults:4)
  A frost giant zombie (Vaults:4)
  A hornet (shapeshifter) (D:14)
  7 griffons
  10 orc sorcerers
  A hornet (Vaults:1)
  12 elephants
  3 manticores
  10 cyclopes
  2 sixfirhies (Orc:4)
  5 wolf spiders
  Maurice (D:13)
  30 black mambas
  14 guardian serpents
  13 spiny frogs
  10 naga magi
  17 vault sentinels
  A yaktaur zombie (Vaults:5)
  7 komodo dragons
  4 orange demons (D:12)
  A gargoyle (D:15)
  An efreet (D:13)
  36 yaktaurs
  A kobold demonologist (Vaults:1)
  15 deep elf priests
  15 freezing wraiths
  A tengu conjurer (D:15)
  A jumping spider (shapeshifter) (Vaults:1)
  3 fire drakes
  6 trolls
  A trapdoor spider zombie (D:11)
  2 polar bears (shapeshifter) (Elf:3)
  2 polar bears
  8 bog bodies
  2 stone giant simulacra
  6 giant leeches
  13 two-headed ogres
  5 boulder beetles
  36 slime creatures
  8 blink frogs
  A trapdoor spider (D:15)
  4 fire elementals
  13 hippogriffs
  35 deep elf fighters
  7 wraiths
  A spriggan (shapeshifter) (Vaults:2)
  5 spriggans
  A vampire (D:12)
  An elf simulacrum (Vaults:5)
  4 redbacks (Vaults:4)
  5 basilisks
  A steam dragon (D:12)
  4 shadows
  3 humans
  2 yaks (shapeshifter) (Vaults:1)
  23 deep elf magi
  A wyvern (D:14)
  4 wargs
  2 tarantellas (Vaults:4)
  30 vampire mosquitoes
  33 yaks
  A neqoxec (Orc:4)
  A warg (shapeshifter) (D:13)
  38 nagas
  A soldier ant (D:15)
  13 swamp worms
  19 wolves
  2 hungry ghosts
  3 insubstantial wisps (Swamp:2)
  A swamp worm simulacrum (Swamp:4)
  6 water moccasins
  15 hydra simulacra (Swamp:4)
  4 mottled dragons
  2 swamp drakes
  A deep troll skeleton (Vaults:3)
  4 sky beasts
  6 porcupines
  4 black bears
  19 ice beasts
  36 ogres
  53 orc warriors
  2 phantoms
  7 wasps
  A human zombie (Vaults:4)
  2 big kobolds
  9 centaurs
  7 crocodiles
  Blork the orc (D:4)
  17 giant frogs
  A gnoll sergeant (D:6)
  2 wyvern zombies
  10 killer bees
  6 wights
  8 scorpions
  4 crimson imps
  12 jellies
  3 centaur zombies
  8 centaur skeletons
  41 orc priests
  3 hounds
  2 giant frog skeletons
  7 iguanas
  29 orc wizards
  22 sheep
  10 worker ants
  A hound zombie (D:10)
  Robin (D:3)
  8 gnolls
  29 river rats
  7 shadow imps
  17 adders
  6 swamp drake simulacra (Swamp:4)
  5 oozes (D:9)
  An adder zombie (D:8)
  2 worms (D:2)
  5 giant geckos
  221 orcs
  6 bats
  A bat skeleton (D:6)
  A bat zombie (D:6)
  27 hobgoblins
  11 jackals
  20 kobolds
  3 quokkas
  2 ball pythons
  4 giant cockroaches
  3 giant newts
  41 goblins
  13 rats
  9 briar patches (Swamp:3)
  A bush (Lair:8)
  11 fungi
  18 plants
1871 creatures vanquished.

Vanquished Creatures (collateral kills)
  Mara (Snake:3)
  An elf skeleton (Vaults:5)
  4 orc warriors (Bailey)
  An ettin simulacrum (Vaults:5)
  An orc (Bailey)
8 creatures vanquished.

Vanquished Creatures (others)
  2 fire giants (Vaults:5)
  A yaktaur captain (Vaults:5)
  2 deep elf high priests (Elf:3)
  2 deep elf knights
  A hornet (Swamp:3)
  A spiny frog (Swamp:4)
  A giant leech (Swamp:4)
  A swamp worm (Swamp:4)
  An orc warrior (Orc:4)
  2 orcs (Orc:4)
  A goblin (Orc:4)
  2 briar patches (Swamp:3)
  A bush (Lair:8)
  11 fungi
  5 plants
34 creatures vanquished.

Grand Total: 1913 creatures vanquished

Notes
Turn   | Place    | Note
--------------------------------------------------------------
     0 | D:1      | Chiseanne the Demonspawn Warper began the quest for the Orb.
     0 | D:1      | Reached XP level 1. HP: 16/16 MP: 3/3
   159 | D:1      | Gained mutation: You are partially covered in rugged brown scales (AC +1, +3% HP). [demonic ancestry]
   159 | D:1      | Reached XP level 2. HP: 15/22 MP: 5/5
   846 | D:2      | Found a glowing silver altar of Zin.
   863 | D:2      | Reached skill level 1 in Armour
  1017 | D:2      | Gained mutation: Your flesh is heat resistant. [demonic ancestry]
  1017 | D:2      | Reached XP level 3. HP: 26/28 MP: 6/6
  1448 | D:2      | Found a radiant altar of Vehumet.
  1562 | D:3      | Reached skill level 3 in Fighting
  1562 | D:3      | Reached XP level 4. HP: 31/36 MP: 6/8
  1567 | D:3      | Noticed Robin
  1719 | D:3      | Killed Robin
  1792 | D:3      | Gained mutation: You have a pair of small horns on your head. [demonic ancestry]
  1792 | D:3      | Reached XP level 5. HP: 23/42 MP: 9/9
  2853 | D:4      | Learned a level 2 spell: Blink
  2856 | D:4      | Learned a level 2 spell: Shroud of Golubria
  2860 | D:4      | Learned a level 3 spell: Teleport Other
  3048 | D:4      | Found a shimmering altar of Xom.
  3049 | D:4      | Found a shimmering altar of Xom.
  3049 | D:4      | Found a shimmering altar of Xom.
  3049 | D:4      | Found a shimmering altar of Xom.
  3353 | D:4      | Noticed Blork the orc
  3370 | D:4      | Killed Blork the orc
  3370 | D:4      | Reached skill level 4 in Fighting
  3370 | D:4      | Reached XP level 6. HP: 46/49 MP: 9/11
  3720 | D:5      | Entered Level 5 of the Dungeon
  4194 | D:5      | Reached XP level 7. HP: 54/56 MP: 12/12
  4519 | D:6      | Identified the Compendium of Enhancements
  4780 | D:6      | Found a staircase to the Ecumenical Temple.
  4830 | D:6      | Reached skill level 5 in Fighting
  4973 | D:6      | Gained mutation: You are immune to clouds of flame. [demonic ancestry]
  4973 | D:6      | Reached XP level 8. HP: 59/63 MP: 15/15
  5715 | D:7      | Reached skill level 5 in Spellcasting
  5739 | Temple   | Entered the Ecumenical Temple
  6085 | D:6      | Reached skill level 6 in Fighting
  6201 | D:6      | Found a blossoming altar of Fedhas.
  6336 | D:6      | Found a bloodstained altar of Trog.
  6342 | D:6      | Got an ebony hunting sling
  6418 | D:6      | Identified the +6 hunting sling of Circularity {flame, MP+9 Str+2 Dex+4} (You found it on level 6 of the Dungeon)
  6491 | D:7      | Found a bloodstained altar of Trog.
  6726 | D:7      | Reached skill level 5 in Armour
  6745 | D:7      | Noticed a troll
  6763 | D:7      | Killed a troll
  6779 | D:7      | Gained mutation: You sometimes gain a little power by taking damage. [demonic ancestry]
  6779 | D:7      | Reached XP level 9. HP: 27/73 MP: 17/17
  6890 | D:7      | Found a stormy altar of Qazlal.
  7032 | D:7      | Found Zoashrub's Jewellery Emporium.
  7043 | D:7      | Bought a cursed amulet of inaccuracy for 26 gold pieces
  7216 | D:8      | Found a flagged portal.
  7233 | Bailey   | Entered a bailey
  7659 | Bailey   | Reached skill level 7 in Fighting
  7835 | Bailey   | Reached skill level 5 in Translocations
  8401 | D:8      | Found a sparkling altar of Nemelex Xobeh.
  8680 | D:8      | Gained mutation: You sometimes gain power by taking damage. [demonic ancestry]
  8680 | D:8      | Reached XP level 10. HP: 35/82 MP: 20/20
  9120 | D:8      | Found a white marble altar of Elyvilon.
  9340 | D:8      | Found a deep blue altar of Sif Muna.
  9359 | D:8      | Reached skill level 1 in Maces & Flails
  9408 | D:8      | Found a shadowy altar of Dithmenos.
  9855 | D:8      | Found a snail-covered altar of Cheibriados.
 10005 | D:9      | Reached skill level 5 in Dodging
 10694 | D:9      | Learned a level 4 spell: Passage of Golubria
 11042 | D:9      | Found a basalt altar of Yredelemnul.
 11116 | D:9      | Found an opulent altar of Gozag.
 11212 | D:10     | Entered Level 10 of the Dungeon
 11386 | D:9      | Became a worshipper of Gozag Ym Sagoz the Greedy
 11423 | D:10     | Reached skill level 8 in Spellcasting
 11583 | D:10     | Found a staircase to the Lair.
 11608 | D:10     | Found Tulawnoe's Gadget Boutique.
 11609 | D:10     | Noticed Sonja
 11864 | D:10     | Bought a wand of teleportation (2) for 216 gold pieces
 11915 | D:10     | Killed Sonja
 11915 | D:10     | Gained mutation: Your demonic aura causes spilled blood to erupt in flames. [demonic ancestry]
 11915 | D:10     | Reached XP level 11. HP: 72/88 MP: 18/23
 12087 | D:11     | Noticed runewalsh's ghost (powerful OpWr)
 12098 | D:11     | Killed runewalsh's ghost
 12105 | D:11     | Noticed runewalsh's ghost (powerful OpGl)
 12509 | D:11     | Killed an unseen horror
 12906 | D:11     | Killed runewalsh's ghost
 12906 | D:11     | Reached skill level 5 in Maces & Flails
 13173 | D:11     | Reached skill level 9 in Spellcasting
 13201 | D:11     | Found Caereb's Book Shoppe.
 13930 | D:12     | Reached XP level 12. HP: 65/94 MP: 20/25
 14411 | D:12     | Gained mutation: You have a pair of horns on your head. [potion of beneficial mutation]
 14504 | D:12     | Got a crude ring mail
 14615 | D:12     | Identified the cursed +0 ring mail of the Carpenter {*Contam rPois MP+9 Int+2 Dex+3} (You found it on level 12 of the Dungeon)
 14652 | D:12     | Found a staircase to the Orcish Mines.
 14977 | D:13     | Found Aguisag's Antique Armour Emporium.
 15017 | D:13     | Bought a pair of translucent boots for 266 gold pieces
 15017 | D:13     | Bought a spiked scale mail for 252 gold pieces
 15028 | D:13     | Identified the +0 pair of boots of Ugreunot {rPois} (You bought it in a shop on level 13 of the Dungeon)
 15038 | D:13     | Identified the +2 scale mail of Ottiw {rElec Int-2 Stlth+} (You bought it in a shop on level 13 of the Dungeon)
 15076 | D:13     | Gained mutation: Your magical capacity is low (-10% MP). [mutagenic glow]
 15155 | D:13     | Noticed Josephine
 15159 | D:13     | Killed Josephine
 15182 | D:13     | Noticed Maurice
 15194 | D:13     | Killed Maurice
 15462 | D:13     | Noticed a vault guard
 15708 | D:13     | Noticed a vault guard
 16088 | D:13     | Noticed a vault guard
 16089 | D:13     | Noticed an ogre mage
 16097 | D:13     | Killed an ogre mage
 16097 | D:13     | Reached skill level 10 in Spellcasting
 16099 | D:13     | Killed a vault guard
 16102 | D:13     | Reached skill level 10 in Armour
 16200 | D:13     | Noticed a vault guard
 16200 | D:13     | Found a gate to the Vaults.
 16200 | D:13     | Noticed a vault guard
 16219 | D:13     | Killed a vault guard
 16220 | D:13     | Killed a vault guard
 16294 | D:13     | Killed a vault guard
 16591 | D:13     | Killed a vault guard
 16732 | D:13     | Gained mutation: You have a pair of large horns on your head. [demonic ancestry]
 16732 | D:13     | Reached XP level 13. HP: 100/100 MP: 24/24
 16799 | D:13     | Noticed a centaur warrior
 16811 | D:13     | Killed a centaur warrior
 17904 | D:14     | Found Lijip's Distillery.
 17914 | D:14     | Bought a potion of brilliance for 60 gold pieces
 17914 | D:14     | Bought a potion of curing for 45 gold pieces
 17914 | D:14     | Bought a potion of haste for 150 gold pieces
 17914 | D:14     | Bought 2 potions of agility for 120 gold pieces
 17914 | D:14     | Bought a potion of flight for 45 gold pieces
 17914 | D:14     | Bought a potion of ambrosia for 120 gold pieces
 18324 | D:15     | Entered Level 15 of the Dungeon
 18336 | D:15     | Noticed a salamander stormcaller
 18347 | D:15     | Killed a salamander stormcaller
 18525 | D:15     | Reached skill level 11 in Spellcasting
 19146 | D:15     | Found a staircase to the Depths.
 19720 | Orc:1    | Entered Level 1 of the Orcish Mines
 20014 | Orc:2    | Noticed Gastronok
 20028 | Orc:2    | Killed Gastronok
 20161 | Orc:2    | Gained mutation: Your magical and physical power is slightly enhanced at high health. [demonic ancestry]
 20161 | Orc:2    | Reached XP level 14. HP: 46/107 MP: 17/26
 20558 | Orc:2    | Found Ciuraxzu's Food Emporium.
 20566 | Orc:2    | Bought a slice of pizza for 15 gold pieces
 20566 | Orc:2    | Bought a beef jerky for 15 gold pieces
 20566 | Orc:2    | Bought a slice of pizza for 15 gold pieces
 20715 | Orc:1    | Noticed Urug
 20728 | Orc:1    | Killed Urug
 20947 | Orc:3    | Reached skill level 10 in Maces & Flails
 21008 | Orc:3    | Found a frozen archway.
 21022 | IceCv    | Entered an ice cave
 22624 | Orc:4    | Entered Level 4 of the Orcish Mines
 22624 | Orc:4    | Noticed Azrael
 22635 | Orc:4    | Killed Azrael
 22635 | Orc:4    | Reached skill level 12 in Spellcasting
 23626 | Orc:4    | Noticed Donald
 23642 | Orc:4    | Killed Donald
 23673 | Orc:4    | Found a staircase to the Elven Halls.
 24168 | Orc:4    | Found Dyehi's Distillery.
 24183 | Orc:4    | Found Fuibbime's Food Shoppe.
 24209 | Orc:4    | Gained mutation: You are agile. (Dex +2) [a neqoxec]
 24211 | Orc:4    | Gained mutation: You are weak. (Str -2) [a neqoxec]
 24748 | Orc:4    | Paralysed by an orc sorcerer for 7 turns
 24760 | Orc:4    | Found Buim's Antique Weapon Boutique.
 24760 | Orc:4    | Found Geskoet's Book Shop.
 24765 | Orc:4    | Found a one-way gate leading to the halls of Pandemonium.
 25099 | Orc:4    | Bought a manual of Ice Magic for 1766 gold pieces
 25202 | Orc:4    | Bought a potion of curing for 54 gold pieces
 25202 | Orc:4    | Bought a potion of resistance for 180 gold pieces
 25202 | Orc:4    | Bought a potion of curing for 54 gold pieces
 25202 | Orc:4    | Bought a potion of curing for 54 gold pieces
 25202 | Orc:4    | Bought a potion of curing for 54 gold pieces
 25202 | Orc:4    | Bought a potion of flight for 54 gold pieces
 25202 | Orc:4    | Bought a potion of flight for 54 gold pieces
 25202 | Orc:4    | Bought a potion of flight for 54 gold pieces
 25205 | Orc:4    | Bought 3 fruits for 63 gold pieces
 25205 | Orc:4    | Bought a beef jerky for 21 gold pieces
 25205 | Orc:4    | Bought a beef jerky for 21 gold pieces
 25205 | Orc:4    | Bought a beef jerky for 21 gold pieces
 25205 | Orc:4    | Bought a slice of pizza for 21 gold pieces
 25205 | Orc:4    | Bought a slice of pizza for 21 gold pieces
 25205 | Orc:4    | Bought 2 fruits for 42 gold pieces
 25716 | Lair:1   | Entered Level 1 of the Lair of Beasts
 25754 | Lair:1   | Reached skill level 1 in Ice Magic
 26951 | Lair:3   | Found a staircase to the Snake Pit.
 27058 | Lair:3   | Gained mutation: You are mostly covered in rugged brown scales (AC +2, +5% HP). [demonic ancestry]
 27058 | Lair:3   | Reached XP level 15. HP: 85/115 MP: 22/28
 28083 | Lair:5   | Reached skill level 13 in Spellcasting
 28414 | Lair:6   | Reached skill level 5 in Ice Magic
 28426 | Lair:6   | Found a staircase to the Swamp.
 29039 | Lair:8   | Entered Level 8 of the Lair of Beasts
 29549 | Lair:8   | Found a staircase to the Slime Pits.
 30135 | Lair:8   | Reached skill level 10 in Translocations
 30622 | Swamp:1  | Entered Level 1 of the Swamp
 30727 | Swamp:1  | Reached XP level 16. HP: 106/121 MP: 26/30
 30981 | Swamp:2  | Reached skill level 10 in Dodging
 31563 | Swamp:2  | Reached skill level 14 in Spellcasting
 31977 | Swamp:4  | Entered Level 4 of the Swamp
 32255 | Swamp:3  | Reached skill level 10 in Ice Magic
 33953 | Swamp:4  | Got a decaying rune of Zot
 34202 | Swamp:1  | Noticed Roxanne
 34369 | Snake:1  | Entered Level 1 of the Snake Pit
 35742 | Snake:2  | Found a flickering gateway to a bazaar.
 35768 | Bazaar   | Entered a bazaar
 35768 | Bazaar   | Found Hiuseyq's Antique Armour Shoppe.
 35768 | Bazaar   | Found Efatag's Jewellery Boutique.
 35768 | Bazaar   | Found Cimoc's Book Shoppe.
 35768 | Bazaar   | Found Tytamn's Book Shop.
 35770 | Bazaar   | Found Tacuet Nifo's Magic Scroll Emporium.
 35770 | Bazaar   | Found Jockywen's Assorted Antiques.
 35772 | Bazaar   | Bought a faintly humming scale mail for 279 gold pieces
 35772 | Bazaar   | Bought a blackened plate armour for 868 gold pieces
 35772 | Bazaar   | Bought a slimy leather armour for 217 gold pieces
 35783 | Bazaar   | Identified the +4 scale mail of Hadjma {rC+} (You bought it in a shop in a bazaar)
 35793 | Bazaar   | Identified the +3 leather armour of Cinuaxku {MR++ Str-3} (You bought it in a shop in a bazaar)
 35805 | Bazaar   | Identified the +9 plate armour of Zogia {rPois Dex+3} (You bought it in a shop in a bazaar)
 36075 | Bazaar   | Bought a scroll of identify for 26 gold pieces
 36075 | Bazaar   | Bought a scroll of identify for 26 gold pieces
 36075 | Bazaar   | Bought a scroll of teleportation for 39 gold pieces
 36075 | Bazaar   | Bought a scroll of identify for 26 gold pieces
 36075 | Bazaar   | Bought a scroll of fear for 45 gold pieces
 36080 | Bazaar   | Bought a scroll of identify for 44 gold pieces
 36080 | Bazaar   | Bought a scroll labeled APIAFO SUUROWK for 22 gold pieces
 36080 | Bazaar   | Bought a scroll of teleportation for 66 gold pieces
 36080 | Bazaar   | Bought a runed lead wand for 88 gold pieces
 36093 | Bazaar   | Bought the ring "Ununaim" {rF- rC++ Slay+5 SInv} for 428 gold pieces
 36097 | Bazaar   | Bought a cursed ring of teleportation for 116 gold pieces
 36097 | Bazaar   | Bought an uncursed ring of ice for 200 gold pieces
 36097 | Bazaar   | Bought an uncursed amulet of the gourmand for 240 gold pieces
 36097 | Bazaar   | Bought an uncursed ring of magical power for 160 gold pieces
 36111 | Bazaar   | Bought a manual of Crossbows for 1104 gold pieces
 36448 | Snake:2  | Reached XP level 17. HP: 35/128 MP: 10/32
 36784 | Snake:3  | Found Poenuto's Assorted Antiques.
 36802 | Snake:3  | Bought a potion of heal wounds for 155 gold pieces
 36802 | Snake:3  | Bought a lead wand for 124 gold pieces
 37109 | Snake:3  | Noticed Nikola
 37124 | Snake:3  | Killed Nikola
 37490 | Snake:3  | Noticed Mara
 37517 | Snake:3  | Noticed Chiseanne's illusion
 37522 | Snake:3  | Killed Mara
 37522 | Snake:3  | Killed Mara
 37878 | Snake:4  | Entered Level 4 of the Snake Pit
 38407 | Snake:4  | Reached skill level 15 in Spellcasting
 38601 | Snake:4  | Reached skill level 1 in Crossbows
 41421 | Snake:4  | Reached XP level 18. HP: 76/135 MP: 21/33
 41841 | Snake:4  | Got a serpentine rune of Zot
 42009 | Snake:1  | Found an opulent altar of Gozag.
 42295 | Snake:2  | Reached skill level 5 in Crossbows
 42570 | Lair:1   | Noticed Torax's ghost (experienced DsAK)
 42599 | Lair:1   | Killed Torax's ghost
 43059 | D:15     | Learned a level 6 spell: Dispersal
 43064 | D:15     | Learned a level 4 spell: Summon Ice Beast
 43068 | D:15     | Learned a level 3 spell: Regeneration
 43297 | Elf:1    | Entered Level 1 of the Elven Halls
 43370 | Elf:1    | Noticed Frances
 43383 | Elf:1    | Killed Frances
 44400 | Elf:2    | Reached skill level 16 in Spellcasting
 44559 | Elf:2    | Found a runed gate.
 44559 | Elf:2    | Found a runed gate.
 44559 | Elf:2    | Found a runed gate.
 44824 | Elf:2    | Got a tattered robe
 44825 | Elf:2    | Identified the +5 robe of Ennui {rF- Regen+ Dex+6 Stlth+} (You found it on level 2 of the Elven Halls)
 45102 | Elf:3    | Entered Level 3 of the Elven Halls
 45312 | Elf:3    | Noticed Asterion
 45323 | Elf:3    | Killed Asterion
 46144 | Elf:3    | Reached skill level 15 in Maces & Flails
 46804 | Elf:3    | Reached XP level 19. HP: 80/140 MP: 29/35
 48138 | Elf:3    | Got an ancient bronze ring
 48139 | Elf:3    | Got an ancient great mace
 48139 | Elf:3    | Got a sheer robe
 48158 | Elf:3    | Identified the +5 great mace of Obsession {freeze, rC- Int+2 Dex+3} (You took it off a deep elf sorcerer on level 3 of the Elven Halls)
 48160 | Elf:3    | Identified the cursed +1 robe of Jeimuxika {Int+5} (You took it off a deep elf sorcerer on level 3 of the Elven Halls)
 48171 | Elf:3    | Identified the ring "Qaguypa" {rElec rC+ MR- Slay+3 SInv} (You took it off a deep elf sorcerer on level 3 of the Elven Halls)
 48379 | Elf:3    | Identified Lee's Compendium of Clay
 48405 | Elf:3    | Got a bound brass ring
 48416 | Elf:3    | Identified the ring "Zeri" {*Confuse rPois rC+ Str+2 Slay+3} (You found it on level 3 of the Elven Halls)
 48420 | Elf:3    | Got a translucent lapis lazuli ring
 48422 | Elf:3    | Identified the ring of Atsuw {Wiz +Fly rElec Str+2 Dex-3} (You found it on level 3 of the Elven Halls)
 48489 | Elf:3    | Identified the Almanac of Harmful Cold
 48648 | Elf:3    | Got a turquoise-studded scale mail
 48664 | Elf:3    | Identified the +0 scale mail of the Onion {+Fly rPois MP+9 Dex-2} (You found it on level 3 of the Elven Halls)
 48718 | Elf:3    | Got an ichor-stained shortbow
 48719 | Elf:3    | Identified the cursed +0 shortbow "Marcheyf" {velocity, *Drain rElec rPois Str+3} (You found it on level 3 of the Elven Halls)
 49282 | Vaults:1 | Entered Level 1 of the Vaults
 52472 | Vaults:2 | Found a glowing silver altar of Zin.
 52726 | Vaults:2 | Mutation became permanent: You have a pair of large horns on your head. [demonic ancestry]
 52726 | Vaults:2 | Reached XP level 20. HP: 138/148 MP: 33/36
 53950 | Vaults:2 | Found a staircase to the Crypt.
 54529 | Vaults:3 | Reached skill level 17 in Spellcasting
 54894 | Vaults:3 | Noticed Boris
 54902 | Vaults:3 | Reached skill level 10 in Crossbows
 54907 | Vaults:3 | Killed Boris
 58046 | Vaults:5 | Entered Level 5 of the Vaults
 58053 | Vaults:5 | Gained mutation: Your magical and physical power is enhanced at high health. [demonic ancestry]
 58053 | Vaults:5 | Reached XP level 21. HP: 101/153 MP: 25/38
 58154 | Vaults:5 | Noticed a golden dragon
 58154 | Vaults:5 | Noticed a golden dragon
 58164 | Vaults:5 | Killed a golden dragon
 58180 | Vaults:5 | Gained mutation: You are dopey. (Int -2) [mutagenic glow]
 58230 | Vaults:5 | Killed a golden dragon
 58241 | Vaults:5 | Noticed a golden dragon
 58241 | Vaults:5 | Reached skill level 15 in Dodging
 58256 | Vaults:5 | Gained mutation: Your body sometimes deteriorates upon taking damage. [mutagenic glow]
 58301 | Vaults:5 | Gained mutation: You possess an exceptional clarity of mind. [mutagenic glow]
 58517 | Vaults:5 | HP: 2/153 [golden dragon (12)]
 58517 | Vaults:5 | Slain by a golden dragon

Vault maps used:
D:1:      dpeg_arrival_lava_temple_mockup
D:2:      lemuel_round_altar, vehumet_crystals, first_bread
D:3:      serial_glass, glass_columns_b, glass_columns_b, glass_columns_c,
          glass_columns_a, glass_columns_a, glass_columns_b,
          kennysheep_generic_room_11, uniq_robin
D:4:      xom_redecorated, uniq_blork_the_orc
D:6:      lightli_temple_of_fire, minmay_temple_entry_from_below_b,
          fedhas_altar_fruit_tree
D:7:      nicolae_overflow_crystal_walls, serial_shops, shop,
          trog_three_pillars_becter
D:8:      nemelex_deck, lemuel_blue_sif_altar, lemuel_coloured_pillars_altar,
          elyvilon_altar_5, old_standard_altar, enter_bailey_3
D:9:      nicolae_overflow_hidden_temple, basic_altar,
          hangedman_little_slice_of_home, kennysheep_generic_room_4
D:10:     lair_0_dummy, serial_shops, shop, spider_trap, uniq_sonja
D:11:     serial_shops, shop
D:12:     orc_0_dummy, einodemon_barbed_minivault
D:13:     grunt_vaults_entry_fortified, uniq_josephine, uniq_maurice
D:14:     serial_shops, shop, glass_columns_c
D:15:     grunt_enter_depths_hoard, minmay_misc_feat_secret_circle, minivault_15
Temple:   circular_temple_pool_8
Lair:2:   lemuel_fruit_fields, serial_bayou_shore_a
Lair:3:   guppyfry_snake_entry_island, cheibrodos_lair_caveside_slide,
          minivault_25
Lair:4:   lemuel_ratsnest, lemuel_fruit_tree
Lair:5:   st_stairs_9, forest_entry_grove
Lair:6:   boulder_quad_collide, minmay_swamp_entry_swarm
Lair:7:   grunt_megastairs_4
Lair:8:   grunt_lair_end_beastmaster, minmay_slime_entry_pillars,
          grunt_forest_small_clearings
Swamp:1:  serial_swamp_ruin, evilmike_swamp_ruin_rubble_2,
          evilmike_swamp_ruin_house_2, evilmike_swamp_ruin_rubble_1,
          uniq_roxanne
Swamp:2:  evilmike_swamp_ruin_house_1, swamp_pool2
Swamp:3:  infiniplex_staircase_pool_2, swamp_pool2
Swamp:4:  swamp_icy
Snake:1:  basic_altar, grunt_megastairs_2
Snake:2:  serial_shops, bzr_entry_customers
Snake:3:  serial_shops, nicolae_shop_crystal, serial_bayou_shore_b, uniq_mara,
          uniq_nikola, uniq_jorgrun
Snake:4:  grunt_snake_rune_serpentine_throne, serial_bayou_pond_d,
          serial_bayou_shore_b
Orc:1:    uniq_urug
Orc:2:    serial_shops, shop, uniq_gastronok
Orc:3:    portal_ice_cave_entry_ice_beasts, nicolae_orc_pool_cavern,
          amalloy_card_club
Orc:4:    pf_orc_diabolical, uniq_azrael, uniq_donald
Elf:1:    minmay_elf_arrival_plus, hangedman_elf_represent, uniq_frances
Elf:3:    minmay_elf_hall_four_x, basic_stair_grate_trap, uniq_asterion
Vaults:1: vaults_room_hallway, nicolae_vaults_theta,
          ontoclasm_vaults_ring_large, v_misc_17, vaults_mumra_minichess,
          vaults_room_fancy_cross, hangedman_vaults_impose,
          hangedman_vaults_snaps, ontoclasm_vaults_shuriken,
          nicolae_vaults_three_branches, dpeg_vaults_monster_box,
          nicolae_vaults_sealed_display, nicolae_vaults_triangles,
          vaults_room_door_ring
Vaults:2: vaults_room_glass_cross, v_misc_28, grunt_vaults_trifunnel,
          nicolae_vaults_ring_of_whatevers, nicolae_vaults_stairing_the_circle,
          nicolae_vaults_alarming, v_misc_12, nicolae_vaults_asterisk,
          v_misc_31, blue_anna_dwarven_crypt, vaults_room_door_ring,
          vaults_room_door_ring, basic_altar
Vaults:3: v_misc_12, v_rooms_6, ontoclasm_vaults_spin, nicolae_vaults_theta,
          vaults_room_fours, nicolae_vaults_quadrants, hangedman_vaults_hat,
          vaults_mumra_hexcomb, ontoclasm_vaults_decontamination, v_misc_13,
          vaults_room_pools, uniq_boris
Vaults:4: vaults_dpeg_ring, nicolae_vaults_little_squares_3, v_misc_17,
          v_misc_19, hangedman_vaults_cutoff, ontoclasm_vaults_eye, v_misc_16,
          ontoclasm_vaults_loading_screen, vaults_room_fours
Bazaar:   bazaar_minmay_generic_island
Bailey:   bailey_polearm_4, bailey
IceCv:    ice_cave_statue_garden_02

Action                   |  1- 3 |  4- 6 |  7- 9 | 10-12 | 13-15 | 16-18 | 19-21 || total
-------------------------+-------+-------+-------+-------+-------+-------+-------++-------
Melee: Dagger            |    91 |   182 |   245 |       |       |       |       ||   518
       Hand axe          |     2 |       |       |       |       |       |       ||     2
       Flail             |       |       |    70 |       |       |       |       ||    70
       Great mace        |       |       |    43 |   421 |   912 |  1018 |   781 ||  3175
 Fire: Blowgun           |       |     5 |    42 |    28 |     7 |     2 |       ||    84
       Shortbow          |       |       |    78 |     1 |       |       |       ||    79
       Hunting sling     |       |       |       |       |    56 |   137 |    95 ||   288
Throw: Tomahawk          |       |    14 |    19 |     2 |       |       |       ||    35
       Javelin           |       |     2 |     8 |     2 |       |       |       ||    12
 Cast: Apportation       |       |       |    17 |     8 |     3 |    77 |     2 ||   107
       Passage of Golubr |       |       |       |       |       |     2 |       ||     2
       Blink             |       |       |       |       |       |     1 |       ||     1
       Shroud of Golubri |       |       |       |       |       |       |     2 ||     2
Invok: Call Merchant     |       |       |       |     1 |       |       |       ||     1
       Potion Petition   |       |       |       |       |       |     2 |    18 ||    20
Evoke: Wand              |       |       |     3 |       |     4 |     3 |     9 ||    19
       Box of beasts     |       |       |       |       |       |    11 |     9 ||    20
  Use: Scroll            |     5 |     4 |     7 |    11 |    12 |    11 |    11 ||    61
       Potion            |       |       |     4 |     8 |     6 |    10 |     3 ||    31
 Stab: Invisible         |       |       |       |     2 |       |       |    10 ||    12
       Distracted        |       |       |       |     1 |     7 |     6 |     6 ||    20
  Eat: Chunk             |     2 |     8 |     8 |     8 |       |       |       ||    26
       Fruit             |       |       |     7 |    12 |     5 |    23 |     3 ||    50
       Pizza             |       |       |     1 |     2 |     6 |     1 |     1 ||    11
       Beef jerky        |       |       |       |     2 |     6 |     1 |     1 ||    10
       Royal jelly       |       |       |       |     4 |     6 |       |     1 ||    11
       Bread ration      |       |       |       |       |     2 |     7 |     7 ||    16
